 Dungeon Crawl Stone Soup version 0.26-a0-1086-g9010512d90 (webtiles) character file.

Game seed: 1433100982583059595

1552 Aerich the Chiller (level 8, 0/61 HPs)
             Began as a Barachi Ice Elementalist on Dec 14, 2020.
             Was an Initiate of Sif Muna.
             Slain by an ufetubus (4 damage)
             ... on level 6 of the Dungeon.
             The game lasted 01:03:54 (5500 turns).

Aerich the Chiller (Barachi Ice Elementalist)       Turns: 5500, Time: 01:03:55

Health: 0/61       AC:  3    Str:  9    XL:     8   Next: 88%
Magic:  11/15      EV: 18    Int: 20    God:    Sif Muna [......]
Gold:   286        SH:  0    Dex: 14    Spells: 13/17 levels left

rFire    . . .     SeeInvis .   K - +3 dagger of Slow Death {speed, Int+3}
rCold    . . .     Faith    .   (no shield)
rNeg     . . .     Spirit   .   a - +0 robe
rPois    +         Reflect  .   m - +0 helmet
rElec    .         Harm     .   (no cloak)
rCorr    .         Rampage  .   (no gloves)
Will     .....                  (no boots)
Stlth    ++........             (no amulet)
HPRegen  0.60/turn              p - ring of poison resistance
MPRegen  0.14/turn              i - +4 ring of evasion

@: marked, can't hop, slow
A: +LOS, swims, hooves 1, regeneration 1, slowness 1, sturdy frame 1, strong
legs 1
a: Hop, Renounce Religion


You were on level 6 of the Dungeon.
You worshipped Sif Muna.
Sif Muna was noncommittal.
You visited 2 branches of the dungeon, and saw 7 of its levels.

You collected 286 gold pieces.

Inventory:

Hand Weapons
 e - a +2 dagger of draining
 h - a +2 vampiric hand axe
 l - a +2 dagger of freezing
 q - a +1 dagger of holy wrath
 r - a +0 hunting sling
 B - a +2 short sword of electrocution
 H - a +3 flail of draining
 I - a +0 shortbow
 K - the +3 dagger of Slow Death (weapon) {speed, Int+3}
   (You found it on level 5 of the Dungeon)

   Attacks with this weapon are significantly faster.
   It affects your intelligence (+3).
Missiles
 c - 6 javelins
 d - 100 arrows
 g - 187 stones
 k - 44 poisoned darts (quivered)
 s - 39 sling bullets
 u - 72 bolts
 w - 7 datura-tipped darts
 E - 5 boomerangs
Armour
 a - a +0 robe (worn)
 b - a +0 leather armour
 m - a +0 helmet (worn)
 v - a +0 robe
 D - a +0 pair of gloves
 O - a +0 robe
Jewellery
 i - a +4 ring of evasion (right hand)
 p - a ring of poison resistance (left hand)
Wands
 F - a wand of polymorph (10)
 L - a wand of digging (7)
Scrolls
 j - a scroll of remove curse {unknown}
 n - 3 scrolls of enchant armour {unknown}
 o - 2 scrolls of identify
 t - 2 scrolls of blinking {unknown}
 x - 3 scrolls of magic mapping
 y - a scroll of summoning {unknown}
 C - a scroll of random uselessness {unknown}
Potions
 f - a potion of curing
 z - 2 potions of flight
 A - 2 potions of brilliance
 G - a potion of degeneration {unknown}
 J - a potion of cancellation
 M - a potion of mutation


   Skills:
 * Level 4.9 Fighting
 + Level 3.4 Short Blades
 + Level 5.2 Axes
 + Level 1.1 Throwing
 + Level 1.2 Armour
 + Level 4.2 Dodging
 + Level 2.5 Stealth
 * Level 5.1 Spellcasting
 + Level 7.2 Ice Magic


You had 13 spell levels left.
You knew the following spells:

 Your Spells              Type           Power        Failure   Level
a - Freeze                Ice            ####         1%          1
b - Frozen Ramparts       Ice            ####..       1%          3

Your spell library contained the following spells:

 Spells                   Type           Power        Failure   Level
 Ozocubu's Armour         Ice            ####....     1%          3
 Hailstorm                Conj/Ice       ###.....     26%         4
 Summon Ice Beast         Ice/Summ       ###.....     26%         4


Dungeon Overview and Level Annotations

Branches:
Dungeon (6/15)             Temple (1/1) D:5

Altars:
Ashenzari
Cheibriados
Dithmenos
Elyvilon
Fedhas
Gozag
Hepliaklqana
Makhleb
Okawaru
Ru
Sif Muna
Trog
Uskayaw
Vehumet
Wu Jian
Xom
Yredelemnul
Zin
The Shining One

Annotations:
D:6 Pikel


Innate Abilities, Weirdness & Mutations

You can be seen from farther away. (+LOS)
You can swim through water.
You cover ground slowly.
You can hop short distances.
You have large cloven feet.
Your natural rate of healing is unusually fast.
Your movements are slightly less encumbered by armour. (ER -2)


Message History

The orc wizard flickers and vanishes!
Deactivating autopickup; reactivate with Ctrl-A.
The hound skeleton barely misses you.
Found a stone staircase leading down.
The hound skeleton bites you but does no damage.
The ufetubus hits you.
* * * LOW HITPOINT WARNING * * *
The ufetubus misses you. The wight misses you. The hound skeleton misses you.
A sky beast comes into view.
Okay, then.
The ufetubus hits you.
* * * LOW HITPOINT WARNING * * *
The ufetubus completely misses you.
Found a knobbly cabochon ring.
You see here 10 gold pieces.
Found a robe.
There is a stone staircase leading up here.
You can't go down here!
The ufetubus hits you.
You die...

#.# #### #.#
#####...
#....[.....# #....
.....# # #.#.# #.#..
...
#.#.###.#.####.=..
#.#..............
#))).(.lo....#
#.)..##.5@#
#)..5Z..z.##.##.
#<...Kz...)...>..
#.....5.........#
..Y!.5...##.######..
#####.......#
##...#### ...#.#
###.#.#


You could see Pikel, 3 lemures, 2 wights, an orc, an ufetubus, a leopard gecko
and a hound skeleton.

Vanquished Creatures
  Edmund (D:4)
  Menkaure (D:4)
  A black bear (D:5)
  An orc warrior (D:6)
  A phantom (D:4)
  An ogre (D:4)
  A centaur (D:5)
  A wyvern zombie (D:5)
  A scorpion (D:4)
  A wight (D:6)
  A bullfrog skeleton (D:5)
  6 orc wizards
  An orc priest (D:5)
  A jelly (D:6)
  3 iguanas (D:5)
  4 worker ants (D:5)
  A hound skeleton (D:5)
  2 howler monkey zombies (D:5)
  Robin (D:1)
  7 adders
  A white imp (D:4)
  An adder skeleton (D:4)
  6 worms
  3 dart slugs
  7 leopard geckos
  33 orcs
  4 giant cockroaches
  20 goblins
  10 hobgoblins
  7 jackals
  6 kobolds
  4 quokkas
  A ball python (D:3)
  10 bats
  3 frilled lizards
  12 rats
165 creatures vanquished.

Vanquished Creatures (others)
  26 plants (D:4)
26 creatures vanquished.

Grand Total: 191 creatures vanquished

Notes
Turn   | Place    | Note
-------+----------+-------------------------------------------
     0 | D:1      | Aerich the Barachi Ice Elementalist began the quest for the
                  | Orb.
     0 | D:1      | Reached XP level 1. HP: 13/13 MP: 3/3
   131 | D:1      | Reached skill level 5 in Ice Magic
   175 | D:1      | Reached XP level 2. HP: 19/19 MP: 3/5
   599 | D:1      | Reached XP level 3. HP: 24/24 MP: 6/6
  1208 | D:2      | Reached skill level 6 in Ice Magic
  1208 | D:2      | Reached XP level 4. HP: 21/30 MP: 6/8
  1755 | D:2      | Reached skill level 1 in Fighting
  1764 | D:2      | Noticed Robin
  1778 | D:1      | Gained mutation: Your natural rate of healing is unusually
                  | fast. [potion of mutation]
  1778 | D:1      | Gained mutation: You have large cloven feet. [potion of
                  | mutation]
  1778 | D:1      | Gained mutation: Your movements are slightly less
                  | encumbered by armour. (ER -2) [potion of mutation]
  1782 | D:1      | Killed Robin
  1783 | D:1      | Reached skill level 1 in Armour
  1783 | D:1      | HP: 1/23 [hobgoblin/+0 club[Robin] (4)]
  2124 | D:2      | Reached XP level 5. HP: 29/29 MP: 7/9
  2129 | D:2      | Learned a level 3 spell: Frozen Ramparts
  2398 | D:3      | Reached skill level 1 in Short Blades
  2836 | D:3      | Found a glowing golden altar of the Shining One.
  2939 | D:3      | Found an ornate altar of the Wu Jian Council.
  3423 | D:4      | Reached XP level 6. HP: 41/44 MP: 1/11
  3547 | D:4      | Found a basalt altar of Yredelemnul.
  3837 | D:4      | Noticed Menkaure
  3850 | D:4      | Killed Menkaure
  3851 | D:4      | Reached XP level 7. HP: 34/51 MP: 9/13
  3995 | D:4      | Noticed Edmund
  4005 | D:4      | Killed Edmund
  4300 | D:5      | Entered Level 5 of the Dungeon
  4318 | D:5      | Found a snail-covered altar of Cheibriados.
  4327 | D:5      | Reached skill level 1 in Throwing
  4327 | D:5      | Reached XP level 8. HP: 40/60 MP: 14/14
  4340 | D:5      | Got a buzzing dagger
  4440 | D:5      | Reached skill level 7 in Ice Magic
  4519 | D:5      | Identified the +3 dagger of Slow Death {speed, Int+3} (You
                  | found it on level 5 of the Dungeon)
  4663 | D:5      | Found a staircase to the Ecumenical Temple.
  4688 | Temple   | Entered the Ecumenical Temple
  4740 | Temple   | Became a worshipper of Sif Muna the Loreminder
  4802 | D:5      | Reached skill level 5 in Axes
  4913 | D:5      | Found a shadowy altar of Dithmenos.
  5480 | D:6      | Reached skill level 5 in Spellcasting
  5489 | D:6      | Noticed Pikel
  5498 | D:6      | HP: 3/61 [ufetubus (3)]
  5500 | D:6      | Slain by an ufetubus

Illustrated notes

Levels and vault maps discovered:
D:1:      dpeg_arrival_subterranean_lakeside_camping, layout_loops_ring,
          st_stairs_14
D:2:      layout_basic, corner_web_ring, uniq_robin
D:3:      layout_basic, tso_metal_star, lemuel_coloured_pillars_altar
D:4:      layout_loops_ring, kennysheep_mini_moat, serial_bayou_lagoon_a,
          kennysheep_generic_room_14, uniq_menkaure, uniq_edmund
D:5:      layout_basic, old_standard_altar, general_overflow_altar,
          minmay_temple_entry_tees, roderic_lattice_a, grunt_tough_drop
D:6:      layout_loops_ring, nicolae_qazlal_general_emergency,
          gup_sewer_entry_bubbles, uniq_pikel, uniq_grinder
Temple:   nicolae_temple_great_sept

Skill      XL: |  1  2  3  4  5  6  7  8 |
---------------+-------------------------+-----
Ice Magic      | 5 6 7 |  7.2
Stealth        | 2 |  2.5
Fighting       | 1 2 3 4 |  4.9
Armour         | 1 |  1.2
Short Blades   | 1 2 3 |  3.4
Spellcasting   | 3 4 5 |  5.1
Axes           | 2 4 5 |  5.2
Dodging        | 3 4 |  4.2
Throwing       | 1 |  1.1

Action                   |  1- 3 |  4- 6 |  7- 9 || total
-------------------------+-------+-------+-------++-------
Melee: Unarmed           |     6 |       |       ||     6
       Dagger            |    56 |    75 |   171 ||   302
       Kick              |       |    18 |    67 ||    85
       Hand axe          |       |    49 |    91 ||   140
Throw: Dart              |       |    21 |     6 ||    27
 Cast: Freeze            |    21 |    80 |    25 ||   126
       Frozen Ramparts   |       |       |     2 ||     2
 Abil: Hop               |       |       |     1 ||     1
  Use: Potion            |       |     4 |     1 ||     5
       Scroll            |       |     3 |     4 ||     7
 Stab: Sleeping          |     2 |     2 |     2 ||     6
       Distracted        |       |       |     1 ||     1
Armor: Robe              |    21 |    14 |    18 ||    53
Dodge: Dodged            |    42 |   163 |   228 ||   433

Table legend: (Time is in decaauts)
 A = Elapsed time spent in this place.
 B = Non-inter-level travel time spent in this place.
 C = Inter-level travel time spent in this place.
 D = Time resting spent in this place.
 E = Time spent auto-exploring this place.
 F = Levels seen in this place.
 G = Mean time per level.
                   A        B        C        D        E       F      G
               +--------+--------+--------+--------+--------+-----+--------+
         Total |   6141 |   6007 |    134 |    810 |   3260 |   7 |  877.3 |
       Dungeon |   6049 |   5915 |    134 |    810 |   3260 |   6 | 1008.2 |
        Temple |     91 |     91 |      0 |      0 |      0 |   1 |   91.0 |
               +--------+--------+--------+--------+--------+-----+--------+

Top non-repeatable levels by time:
     D:1: 1321 daAuts
     D:3: 1266 daAuts
     D:2: 1234 daAuts
     D:5: 1142 daAuts
     D:4: 1055 daAuts
  Temple: 91 daAuts
     D:6: 29 daAuts
